 Dungeon Crawl Stone Soup version 0.22.0-38-g04b72b8 (webtiles) character file.

144 Inarius the Slasher (level 5, 39/39 HPs)
             Began as a Demonspawn Gladiator on Aug 30, 2018.
             Got out of the dungeon alive.
             The game lasted 00:04:20 (2123 turns).

Inarius the Slasher (Demonspawn Gladiator)          Turns: 2123, Time: 00:04:21

Health: 39/39      AC:  7    Str: 15    XL:     5   Next: 5%
Magic:  5/5        EV: 12    Int:  9    God:
Gold:   134        SH:  0    Dex: 15    Spells: 4/4 levels left

rFire    + . .     SeeInvis .   a - +0 long sword
rCold    x . .     Gourm    .   (no shield)
rNeg     . . .     Faith    .   n - +0 ring mail
rPois    +         Spirit   .   (helmet restricted)
rElec    .         Reflect  .   (no cloak)
rCorr    .         Harm     .   e - +1 pair of gloves
MR       .....                  (no boots)
Stlth    +.........             (no amulet)
HPRegen  0.13/turn              p - ring of poison resistance
MPRegen  0.09/turn              s - ring of fire

@: no status effects
A: antennae 1, claws 1, hooves 1, demonic guardian 1
a: no special abilities


You escaped.
You were not hungry.

You visited 1 branch of the dungeon, and saw 3 of its levels.

You collected 134 gold pieces.

Inventory:

Hand Weapons
 a - a +0 long sword (weapon)
Missiles
 d - 3 throwing nets (quivered)
Armour
 e - a +1 pair of gloves (worn)
 n - a +0 ring mail (worn)
Jewellery
 p - a ring of poison resistance (left hand)
 s - a ring of fire (right hand)
Scrolls
 c - a scroll of magic mapping {unknown}
 g - 3 scrolls of teleportation {unknown}
 h - a scroll of enchant armour {unknown}
 i - a scroll of fog {unknown}
 o - 2 scrolls of noise {unknown}
 t - a scroll of remove curse
 u - a scroll of blinking {unknown}
Potions
 b - 2 potions of resistance {unknown}
 j - a potion of lignification
 k - a potion of curing
 m - a potion of magic {unknown}
 q - 2 potions of mutation
 r - a potion of brilliance {unknown}
Comestibles
 f - 4 rations
 l - a chunk of flesh


   Skills:
 + Level 2.5 Fighting
 + Level 4.1 Long Blades
 - Level 2.0 Throwing
 + Level 1.1 Armour
 + Level 3.4 Dodging


You had 4 spell levels left.
You didn't know any spells.
Your spell library was empty.

Dungeon Overview and Level Annotations

Branches:
Dungeon (3/15)

Altars:
Yredelemnul


Innate Abilities, Weirdness & Mutations

You have a pair of small antennae on your head.
You have sharp fingernails.
You have large cloven feet.
A weak demonic guardian rushes to your aid.


Message History

The orc hits you with a flail.
Some of the chunks of flesh in your inventory have rotted away.
You hit the orc.
You kill the orc!
No target in view!
(D) Dungeon
Where to? (Enter - D:3, ? - help)
There is a stone staircase leading up here.
You climb upwards.
There is a stone staircase leading down here.
(D) Dungeon
Where to? (Enter - D:2, ? - help) HP restored.
You see here 24 stones.
There is a stone staircase leading up here.
You climb upwards.
There is a stone staircase leading down here.
There is a staircase leading out of the dungeon here.
Are you sure you want to leave the Dungeon?
This will make you lose the game!
You have escaped!

###..##.##.##.# #.# #.#
#..##....##.# ##.## #..
##..##.#####.###.#.## ###
#......####..##.###.##
#...##.........## ##.##
#......#####..## ##.#
#.....#.....#..## ##..#
#....#.....).#..###.#.#
#...#....@....#..#....####
#..[.#.......#............
##.#..#.....#..#.###...###
#.....#####..##.# #...#
#.#..........##.# #...#
#.###.###..).##.# #...#
#.###.###.....#.# #.#.#
#...............###.#.###
#.###............##.#.##.


There were no monsters in sight!

Vanquished Creatures
  2 orc wizards (D:3)
  Robin (D:2)
  An adder (D:2)
  An ooze (D:3)
  An adder zombie (D:3)
  A worm (D:2)
  2 dart slugs
  A leopard gecko (D:2)
  4 orcs
  A giant cockroach (D:2)
  12 goblins
  5 hobgoblins
  4 jackals
  A quokka (D:2)
  4 bats
  4 frilled lizards
  6 kobolds
  8 rats
59 creatures vanquished.

Vanquished Creatures (collateral kills)
  An orc (D:3)
1 creature vanquished.

Grand Total: 60 creatures vanquished

Notes
Turn   | Place    | Note
-------+----------+-------------------------------------------
     0 | D:1      | Inarius the Demonspawn Gladiator began the quest for the Orb.
     0 | D:1      | Reached XP level 1. HP: 16/16 MP: 1/1
   185 | D:1      | Gained mutation: A weak demonic guardian rushes to your aid. [demonic ancestry]
   185 | D:1      | Reached XP level 2. HP: 22/22 MP: 2/2
   558 | D:2      | Reached skill level 3 in Long Blades
   596 | D:2      | Found a faded altar of an unknown god.
  1054 | D:2      | Gained mutation: You have a pair of small antennae on your head. [demonic ancestry]
  1054 | D:2      | Reached XP level 3. HP: 27/27 MP: 3/3
  1338 | D:2      | Noticed Robin
  1363 | D:2      | Killed Robin
  1363 | D:2      | Gained mutation: You have sharp fingernails. [demonic ancestry]
  1363 | D:2      | Reached XP level 4. HP: 17/33 MP: 4/4
  1674 | D:3      | Found a basalt altar of Yredelemnul.
  1682 | D:3      | Reached skill level 1 in Armour
  1847 | D:3      | Reached skill level 4 in Long Blades
  1859 | D:3      | Gained mutation: You have large cloven feet. [demonic ancestry]
  1859 | D:3      | Reached XP level 5. HP: 21/39 MP: 5/5
  2123 | D:$      | Got out of the dungeon alive.

Skill      XL: |  1  2  3  4 |
---------------+-------------+-----
Dodging        | 3 |  3.4
Throwing       | 2 |  2.0
Long Blades    | 3 4 |  4.1
Armour         | 1 |  1.1
Fighting       | |  2.5

Action                   |  1- 3 |  4- 6 || total
-------------------------+-------+-------++-------
Melee: Long sword        |   116 |    38 ||   154
       Kick              |       |     3 ||     3
  Use: Potion            |     1 |       ||     1
       Scroll            |       |     4 ||     4
 Stab: Sleeping          |     2 |     1 ||     3
  Eat: Chunk             |     2 |     2 ||     4
Armor: Leather armour    |    38 |     5 ||    43
       Ring mail         |       |     1 ||     1
Dodge: Dodged            |   105 |    19 ||   124
       Rpst.: Long sword |    28 |     4 ||    32
